 Dungeon Crawl Stone Soup version 0.18.1-6-gd335043 (webtiles) character file.

301 georgeearnest the Chopper (level 6, -12/52 HPs)
             Began as a Hill Orc Gladiator on May 20, 2016.
             Shot with an arrow by a centaur (15 damage)
             ... on level 6 of the Dungeon.
             The game lasted 00:10:04 (4937 turns).

georgeearnest the Chopper (Hill Orc Gladiator)      Turns: 4937, Time: 00:10:05

Health: -12/52     AC:  4    Str: 18 (20) XL:     6   Next: 37%
Magic:  6/6        EV: 12    Int:  7 (8)  God:
Gold:   335        SH:  0    Dex: 10 (13) Spells: 0 memorised, 5 levels left

rFire  + . .     SeeInvis .     a - +0 war axe
rCold  . . .     Gourm    .     b - +0 leather armour
rNeg   . . .     Faith    .     (no shield)
rPois  .         Spirit   .     c - +0 helmet
rElec  .         Dismiss  +     (no cloak)
rCorr  .         Reflect  .     (no gloves)
SustAt .         Harm     .     (no boots)
MR     .....                    q - amulet of dismissal
Stlth  +.........               r - ring of protection from fire
                                s - +2 ring of dexterity

@: not resistant to hostile enchantments, very unstealthy
A: no striking features
a: no special abilities


You were on level 6 of the Dungeon.
You were not hungry.

You visited 2 branches of the dungeon, and saw 7 of its levels.

You collected 335 gold pieces.

Inventory:

Hand Weapons
 a - a +0 war axe (weapon)
Missiles
 d - 3 throwing nets (quivered)
Armour
 b - a +0 leather armour (worn)
 c - a +0 helmet (worn)
Jewellery
 i - an uncursed ring of sustain attributes
 o - an uncursed amulet of faith
 q - an amulet of dismissal (around neck)
 r - a ring of protection from fire (right hand)
 s - a +2 ring of dexterity (left hand)
Scrolls
 g - 4 scrolls of identify
 m - 2 scrolls of fear
 n - 3 scrolls of remove curse {unknown}
 u - 3 scrolls of enchant weapon {unknown}
 x - 2 scrolls of teleportation {unknown}
 y - a scroll of recharging {unknown}
 A - a scroll of random uselessness {unknown}
 D - a scroll of immolation {unknown}
Potions
 p - 2 potions of lignification
 z - a potion of haste
Comestibles
 f - 4 bread rations
 j - 4 fruits
 l - 3 meat rations
 w - 2 slices of pizza
 C - a beef jerky


   Skills:
 * Level 3.9 Fighting
 * Level 5.4 Axes
 * Level 2.6 Throwing
 * Level 2.9 Armour
 + Level 3.5 Dodging
 + Level 0.1 Stealth


You had 5 spell levels left.
You didn't know any spells.

Dungeon Overview and Level Annotations

Branches:
Dungeon (6/15)             Temple (1/1) D:5

Altars:
Ashenzari
Cheibriados
Dithmenos
Elyvilon
Fedhas
Gozag
Kikubaaqudgha
Makhleb
Nemelex Xobeh
Pakellas
Qazlal
Ru
Sif Muna
Xom
Yredelemnul
Zin
The Shining One


Message History

You see here an arrow.
The centaur shoots an arrow.
The arrow hits you!
The centaur shoots an arrow.
The arrow hits you!
Your amulet of dismissal vibrates suddenly!
The centaur disappears!
You see here 2 arrows.
You see here 2 arrows.
Things that are here:
a hand axe; a ring mail; an orc corpse You see here a flail.
A centaur is nearby!
A centaur is nearby!
The centaur shoots an arrow.
The arrow hits you!
* * * LOW HITPOINT WARNING * * *
You see here an arrow.
The centaur shoots an arrow.
The arrow hits you!
* * * LOW HITPOINT WARNING * * *
You see here an arrow.
The centaur shoots an arrow.
The arrow hits you!
You die...

..... .<.......#... ########'###
#.####..##### ........(†(# #.
####.... .....(.....# #.(..
...........# #.... ...........#
#.... ...........# #(..(
...........##################....
######....()).((@............(###
#....(...................#..
#....).....^.............#..
#........................#..
#........................#.#
##.........############'##.#
#...c.....#..........#.....
#.........#[.........#.....
#.........#..........#.....


You could see a centaur.

Vanquished Creatures
  A howler monkey (D:4)
  A quasit (D:5)
  A centaur skeleton (D:4)
  An iguana (D:5)
  A worker ant (D:6)
  A hound zombie (D:5)
  A hound skeleton (D:6)
  5 adders
  An ooze (D:1)
  2 worms
  2 giant geckos
  5 orcs
  9 bats
  6 giant cockroaches
  9 hobgoblins
  3 kobolds
  2 quokkas
  3 ball pythons
  2 giant newts
  6 goblins
  6 rats
  A plant (D:1)
69 creatures vanquished.

Notes
Turn   | Place    | Note
--------------------------------------------------------------
     0 | D:1      | georgeearnest the Hill Orc Gladiator began the quest for the Orb.
     0 | D:1      | Reached XP level 1. HP: 18/18 MP: 1/1
   150 | D:1      | Reached XP level 2. HP: 14/25 MP: 2/2
  1143 | D:2      | Reached XP level 3. HP: 28/30 MP: 3/3
  1522 | D:2      | Reached skill level 1 in Armour
  1816 | D:2      | Reached XP level 4. HP: 18/37 MP: 4/4
  2883 | D:4      | Reached XP level 5. HP: 43/45 MP: 5/5
  3437 | D:5      | Entered Level 5 of the Dungeon
  3437 | D:5      | Noticed a sky beast
  3646 | D:5      | Reached skill level 5 in Axes
  3785 | D:5      | Found an opulent altar of Gozag.
  3845 | D:5      | Found a staircase to the Ecumenical Temple.
  3850 | Temple   | Entered the Ecumenical Temple
  4139 | D:5      | Found a basalt altar of Yredelemnul.
  4141 | D:5      | Found a sparkling altar of Nemelex Xobeh.
  4146 | D:5      | Found a white marble altar of Elyvilon.
  4146 | D:5      | Found a glowing silver altar of Zin.
  4193 | D:5      | Reached XP level 6. HP: 51/51 MP: 6/6
  4750 | D:6      | Noticed an orc warrior
  4937 | D:6      | Shot with an arrow by a centaur

Skill      XL: |  1  2  3  4  5 |
---------------+----------------+-----
Throwing       | 2 |  2.6
Armour         | 1 2 |  2.9
Dodging        | 3 |  3.5
Fighting       | 3 |  3.9
Axes           | 5 |  5.4
Stealth        | |  0.1

Action                   |  1- 3 |  4- 6 || total
-------------------------+-------+-------++-------
Melee: War axe           |   114 |   121 ||   235
  Use: Potion            |       |     9 ||     9
       Scroll            |       |     3 ||     3
  Eat: Bread ration      |     1 |       ||     1
       Meat ration       |       |     2 ||     2
Armor: Leather armour    |    58 |    66 ||   124
       Skin              |       |    28 ||    28
Dodge: Dodged            |   126 |   136 ||   262
